cohdb
Replays
Latest Replays
All Replays
Popular Replays
Top Player Replays
Match Explorer
How It Works
Community
CoH3 Stats
Reddit
Sign in to upload your games and track your stats! →
Sign in with Steam
Reakly vs lattouf
Match 22687924
Overview
Messages
Build Orders
End
Engineer Squad
Selects Armored Battlegroup
Selects Assault Engineers
Assault Engineer Squad
Assault Engineer Squad
Assault Engineer Squad
Mechanized Support Center
Construct Weapon Support Center
M16 Multiple Gun Motor Carriage
Selects Fast Deploy
Construct Medical Station
Sniper
Bazooka Squad
Bazooka Squad
Selects Seek and Destroy
Construct Tank Depot
Selects UNKNOWN (2160077)
Selects Field Repairs
Selects War Machine
M4A3E8 Sherman Easy Eight
Field Repairs
M4A3E8 Sherman Easy Eight
Reakly
lattouf
0
0
Comments
sign in to comment!
No comments posted yet!